 Dungeon Crawl Stone Soup version 0.24-a0-244-ga6a6ab7 (webtiles) character file.

Game seed: 4014653201134912626

51 Veiltonx the Magician (level 3, -2/20 HPs)
             Began as a Gargoyle Wizard on Apr 11, 2019.
             Slain by an orc
             ... wielding a +0 short sword
              (6 damage)
             ... on level 2 of the Dungeon.
             The game lasted 00:10:11 (1636 turns).

Veiltonx the Magician (Gargoyle Wizard)             Turns: 1636, Time: 00:10:12

Health: -2/20      AC:  7    Str: 10    XL:     3   Next: 81%
Magic:  1/7        EV: 11    Int: 19    God:
Gold:   106        SH:  0    Dex:  8    Spells: 5/8 levels left

rFire    . . .     SeeInvis .   f - +0 whip
rCold    . . .     Gourm    .   (no shield)
rNeg     + . .     Faith    .   m - +0 leather armour
rPois    ∞         Spirit   .   b - +0 hat
rElec    +         Reflect  .   p - +0 cloak
rCorr    .         Harm     .   (no gloves)
MR       .....                  (no boots)
Stlth    +.........             (no amulet)
HPRegen  0.06/turn              (no ring)
MPRegen  0.10/turn              (no ring)

@: very slightly contaminated
A: negative energy resistance 1, electricity resistance, unbreathing,
petrification resistance, rot immunity, AC +3
a: no special abilities


You were on level 2 of the Dungeon.
You were very hungry.

You visited 1 branch of the dungeon, and saw 3 of its levels.

You collected 106 gold pieces.

Inventory:

Hand Weapons
 f - a +0 whip (weapon)
Armour
 b - a +0 hat (worn)
 m - a +0 leather armour (worn)
 p - a +0 cloak (worn)
Jewellery
 q - an uncursed ring of ice {unknown}
Scrolls
 c - a scroll of fog {unknown}
 g - a scroll of identify {unknown}
 k - a scroll of enchant armour {unknown}
 l - 6 scrolls of remove curse {unknown}
 n - 2 scrolls of magic mapping {unknown}
 r - a scroll of enchant weapon {unknown}
Potions
 a - a potion of haste {unknown}
 e - a potion of degeneration {unknown}
 h - a potion of might {unknown}
 i - 2 potions of flight {unknown}
 j - a potion of curing {unknown}
 o - 2 potions of heal wounds {unknown}
Comestibles
 d - 3 rations


   Skills:
 - Level 1.0 Fighting
 + Level 1.0 Maces & Flails
 - Level 1.0 Armour
 - Level 1.5 Dodging
 - Level 2.1 Stealth
 + Level 3.2 Spellcasting
 * Level 2.5 Conjurations
 - Level 1.0 Summonings
   Level 0.8 Translocations


You had 5 spell levels left.
You knew the following spells:

 Your Spells              Type           Power        Failure   Level  Hunger
a - Magic Dart            Conj           ##..         8%          1    None
b - Call Imp              Summ           #.......     21%         2    ##.....

Your spell library contained the following spells:

 Spells                   Type           Power        Failure   Level  Hunger
 Blink                    Tloc           N/A          22%         2    ##.....
 Slow                     Hex            #.......     30%         2    ##.....
 Conjure Flame            Conj/Fire      #.......     36%         3    ###....
 Mephitic Cloud           Conj/Pois/Air  #.......     41%         3    ###....


Dungeon Overview and Level Annotations

Branches:
Dungeon (3/15)

Altars:


Innate Abilities, Weirdness & Mutations

You are resistant to torment.
Your stone body is resilient. (AC +3)
You are immune to poison.
You resist negative energy. (rN+)
You are resistant to electric shocks. (rElec)
You can survive without breathing.
You are immune to petrification.
You are immune to rotting.


Message History

The orc is severely wounded.
The orc hits you but does no damage.
Casting: Magic Dart (safe; 8% risk of failure)
Confirm with . or Enter, or press ? or * to list all spells.
Aiming: Magic Dart (safe; 8% risk of failure)
Press: ? - help, Shift-Dir - straight line, f/p - orc
Aim: an orc, wielding a +0 short sword and wearing a +0 ring mail of cold resistance (severely wounded)
The magic dart hits the orc but does no damage.
The orc is severely wounded.
The orc hits you with a +0 short sword.
* * * LOW HITPOINT WARNING * * *
Casting: Magic Dart (safe; 8% risk of failure)
Confirm with . or Enter, or press ? or * to list all spells.
Aiming: Magic Dart (safe; 8% risk of failure)
Press: ? - help, Shift-Dir - straight line, f/p - orc
Aim: an orc, wielding a +0 short sword and wearing a +0 ring mail of cold resistance (severely wounded)
The magic dart hits the orc.
The orc is almost dead.
The orc hits you with a +0 short sword.
You die...

#.....#<.#.#.# ####..........
###.....#....#.######..........
#.......#...........#..........
#....##.........###.#....######
#....##.#.........#.#....# #..
#....##...........#.#....####..
#....##...........#.#....#.....
#....##..#........#......#.####
###...#..#.#..@................
#...#..#+###.o.###.....#.#...
#...#..........# #.....#.#...
#...###........###.......#...
##...# #......................
#....# #.....#................
#....# #.....#................
#...## #.....####)............
#)..# #.....#............###.


You could see an orc.

Vanquished Creatures
  An adder (D:2)
  A dart slug (D:1)
  A leopard gecko (D:1)
  2 orcs (D:3)
  3 ball pythons
  3 bats
  2 goblins (D:1)
  6 hobgoblins
  8 kobolds
  2 quokkas (D:2)
  2 frilled lizards (D:1)
  5 rats
36 creatures vanquished.

Notes
Turn   | Place    | Note
-------+----------+-------------------------------------------
     0 | D:1      | Veiltonx the Gargoyle Wizard began the quest for the Orb.
     0 | D:1      | Reached XP level 1. HP: 10/10 MP: 4/4
   157 | D:1      | Reached XP level 2. HP: 16/16 MP: 0/6
   353 | D:1      | Learned a level 2 spell: Call Imp
   552 | D:1      | Reached XP level 3. HP: 18/20 MP: 4/7
  1300 | D:2      | Reached skill level 1 in Armour
  1324 | D:2      | Reached skill level 1 in Fighting
  1324 | D:2      | Reached skill level 1 in Summonings
  1339 | D:2      | Reached skill level 1 in Maces & Flails
  1636 | D:2      | Slain by an orc

Levels and vault maps discovered:
D:1:      ebering_hopf_link, layout_loops_ring, minmay_stone_trees_medium
D:2:      layout_basic, kennysheep_generic_room_5
D:3:      layout_loops_ring, makhleb_grotto_becter

Skill      XL: |  1  2  3 |
---------------+----------+-----
Conjurations   | 2 |  2.5
Armour         | 1 |  1.0
Fighting       | 1 |  1.0
Summonings     | 1 |  1.0
Maces & Flails | 1 |  1.0
Dodging        | |  1.5
Stealth        | |  2.1
Spellcasting   | |  3.2
Translocations | |  0.8

Action                   || total
-------------------------++-------
Melee: Whip              ||    65
 Cast: Magic Dart        ||    59
 Stab: Sleeping          ||     2
  Eat: Chunk             ||     1
Armor: Robe              ||     8
       Leather armour    ||    22
Dodge: Dodged            ||    45

Table legend:
 A = Non-vault XP
 B = Vault XP
 C = Vault XP percentage of total XP
 D = Non-vault monster count
 E = Vault monster count
 F = Vault count percentage of total count
                 A         B        C        D         E       F
            +---------+---------+-------+---------+---------+-------
      Total |      71 |       2 |   2.7 |      34 |       2 |   5.6
            +---------+---------+-------+---------+---------+-------
        D:1 |      36 |       0 |   0.0 |      21 |       0 |   0.0
        D:2 |      28 |       2 |   6.7 |      10 |       2 |  16.7
        D:3 |       7 |       0 |   0.0 |       3 |       0 |   0.0
            +---------+---------+-------+---------+---------+-------
